 Dungeon Crawl Stone Soup version 0.29-a0-834-g1e95ca9f62 (webtiles) character file.

Game seed: 149313285510361171

930 Nato the Trooper (level 7, -3/63 HPs)
             Began as a Minotaur Fighter on July 12, 2022.
             Was an Initiate of Okawaru.
             Slain by Eustachio
             ... wielding a +0 rapier
              (7 damage)
             ... on level 6 of the Dungeon.
             The game lasted 00:08:19 (4683 turns).

Nato the Trooper (Minotaur Fighter)                 Turns: 4683, Time: 00:08:19

Health: -3/63      AC: 12    Str: 22    XL:     7   Next: 86%
Magic:  6/6        EV:  8    Int:  5    God:    Okawaru [......]
Gold:   236        SH:  5    Dex: 10    Spells: 6/6 levels left

rFire   + . .      SeeInvis .   a - +0 war axe
rCold   x . .      Faith    .   c - +0 buckler
rNeg    + . .      Spirit   .   p - +0 chain mail
rPois   .          Reflect  .   (helmet restricted)
rElec   .          Harm     .   y - +0 cloak
rCorr   .          Rampage  .   (no gloves)
Will    .....                   j - +0 pair of boots
Stlth   ..........              t - amulet of the acrobat
HPRegen 0.20/turn               f - ring of positive energy
MPRegen 0.10/turn               m - ring of fire

@: no status effects
A: horns 2, retaliatory headbutt
a: Renounce Religion


You were on level 6 of the Dungeon.
You worshipped Okawaru.
Okawaru was noncommittal.
You visited 2 branches of the dungeon, and saw 7 of its levels.

You collected 236 gold pieces.

Inventory:

Hand Weapons
 a - a +0 war axe (weapon)
 s - a +2 antimagic flail
Armour
 c - a +0 buckler (worn)
 j - a +0 pair of boots (worn)
 p - a +0 chain mail (worn)
 y - a +0 cloak (worn)
Magical Staves
 w - a staff of conjuration
Jewellery
 f - a ring of positive energy (left hand)
 m - a ring of fire (right hand)
 t - an amulet of the acrobat (around neck)
 v - a ring of wizardry
Wands
 o - a wand of roots (10)
 B - a wand of polymorph (14)
Scrolls
 b - a scroll of immolation {unknown}
 h - 3 scrolls of identify {unknown}
 i - a scroll of teleportation {unknown}
 k - 2 scrolls of poison {unknown}
 l - a scroll of enchant weapon {unknown}
 q - a scroll of blinking {unknown}
 x - a scroll of magic mapping {unknown}
 A - a scroll of fog {unknown}
 D - a scroll of brand weapon {unknown}
Potions
 d - 2 potions of might
 e - a potion of degeneration {unknown}
 g - 2 potions of lignification {unknown}
 n - a potion of mutation {unknown}
 r - 2 potions of curing {unknown}
 u - a potion of haste {unknown}
 z - a potion of invisibility {unknown}
 C - a potion of brilliance {unknown}


   Skills:
 + Level 6.2 Fighting
 + Level 5.6 Axes
 + Level 6.1 Armour
 + Level 3.3 Dodging
 + Level 6.1 Shields


You had 6 spell levels left.
You didn't know any spells.
Your spell library contained the following spells:

 Spells                   Type           Power      Damage    Failure   Level
 Necrotise                Necr           0%         1d4       99%         1
 Sublimation of Blood     Necr           0%         N/A       100%        2
 Wereblood                Tmut           0%         N/A       100%        2
 Vampiric Draining        Necr           0%         2d6       100%        3
 Agony                    Necr           0%         N/A       100%        5
 Summon Hydra             Summ           Unusable   N/A       N/A         7

Dungeon Overview and Level Annotations

Branches:
Dungeon (6/15)             Temple (1/1) D:5

Altars:
Kikubaaqudgha
Makhleb
Nemelex Xobeh
Okawaru
Trog
Uskayaw
Zin

Shops:
D:6 :

Annotations:
D:6 Eustachio


Innate Abilities, Weirdness & Mutations

You have a pair of horns on your head.
You reflexively headbutt those who attack you in melee.


Message History

You miss Eustachio. Your headbutt misses Eustachio.
Eustachio is moderately wounded.
You barely miss the river rat. You hit the iron imp but do no damage.
The iron imp hits you but does no damage.
The river rat bites you. Eustachio barely misses you. The iron imp hits you.
You barely miss Eustachio. Your headbutt misses Eustachio.
Eustachio is moderately wounded.
You hit the river rat but do no damage. You barely miss the iron imp.
Eustachio hits you but does no damage. You block the river rat's attack.
You slash Eustachio! Your headbutt misses Eustachio.
Eustachio is heavily wounded.
You hit the river rat. You hit the iron imp. The river rat misses you.
Eustachio hits you with a +0 rapier. The iron imp hits you.
The river rat bites you.
Eustachio zaps a wand.
The roots erupt in riotous growth!
The grasping roots grab you!
Eustachio is unaffected.
The river rat is unaffected.
The iron imp is unaffected.
The grasping roots constrict you.
You slash Eustachio! You headbutt Eustachio.
Eustachio is severely wounded.
You barely miss the iron imp. You hit the river rat.
You block the iron imp's attack. You block the river rat's attack.
Eustachio barely misses you. The grasping roots constrict you.
The iron imp hits you.
You hit Eustachio.
Eustachio is almost dead.
You barely miss the river rat. You closely miss the iron imp.
The river rat bites you!
* * * LOW HITPOINT WARNING * * *
Eustachio hits you with a +0 rapier!
* * * LOW HITPOINT WARNING * * *
The grasping roots constrict you.
* * * LOW HITPOINT WARNING * * *
The iron imp hits you but does no damage.
The grasping roots release their grip on you.
You hit Eustachio but do no damage. You headbutt Eustachio.
Eustachio is almost dead.
You barely miss the iron imp. You hit the river rat.
The river rat closely misses you. Eustachio hits you with a +0 rapier!
You die...

#...###..#....#
#........#....#
#........#.?..#
###'##'###....####
#...##..#.........
#.......#.........
#.......'.........
..
#...###.#.........
..
#...###.##@@..###
## #........#r5..#
.. #....<...#....#
..
#######..#....####.
#...####'#.........
#...#....#.........
#...'....#.........
#..[#....#........#
#...#....#........+


You could see Eustachio, an iron imp (summoned) and a river rat (summoned).

Vanquished Creatures
  A water moccasin (D:5)
  A centaur (D:5)
  A phantom (D:5)
  2 scorpions
  3 killer bees (D:5)
  4 hounds
  A jelly (D:5)
  An iguana (D:4)
  2 orc wizards
  7 adders
  A white imp (D:6)
  An ufetubus (D:4)
  2 worms
  4 dart slugs
  15 orcs
  8 ball pythons
  6 bats
  8 endoplasms
  4 giant cockroaches
  4 goblins
  8 hobgoblins
  4 jackals (D:2)
  8 quokkas
  7 frilled lizards
  9 kobolds
  2 rats (D:2)
114 creatures vanquished.

Notes
Turn   | Place    | Note
-------+----------+-------------------------------------------
     0 | D:1      | Nato the Minotaur Fighter began the quest for the Orb.
     0 | D:1      | Reached XP level 1. HP: 19/19 MP: 0/0
   241 | D:1      | Reached XP level 2. HP: 23/27 MP: 1/1
   906 | D:1      | Found a faded altar of an unknown god.
  1206 | D:2      | Reached XP level 3. HP: 31/33 MP: 2/2
  1888 | D:3      | Reached XP level 4. HP: 41/41 MP: 3/3
  2517 | D:3      | Reached XP level 5. HP: 47/47 MP: 4/4
  2978 | D:4      | Reached skill level 5 in Fighting
  2978 | D:4      | Reached skill level 1 in Dodging
  3050 | D:4      | Reached skill level 5 in Armour
  3050 | D:4      | Reached skill level 5 in Shields
  3050 | D:4      | Reached XP level 6. HP: 56/56 MP: 5/5
  3231 | D:5      | Entered Level 5 of the Dungeon
  3400 | D:5      | Reached XP level 7. HP: 14/61 MP: 6/6
  3842 | D:5      | Reached skill level 5 in Axes
  4132 | D:5      | Found a staircase to the Ecumenical Temple.
  4142 | Temple   | Entered the Ecumenical Temple
  4148 | Temple   | Became a worshipper of Warmaster Okawaru
  4379 | D:6      | Found Kunnieqo's Vocational Training.
  4382 | D:6      | Found a bloodstained altar of Trog.
  4473 | D:6      | Identified the +3 quarterstaff "Juifukhe" {pain, Will-
                  | Dex+6}
  4581 | D:6      | Found a sparkling altar of Nemelex Xobeh.
  4668 | D:6      | Noticed Eustachio
  4683 | D:6      | Slain by Eustachio

Illustrated notes

Levels and vault maps discovered:
D:1:      roderic_chinese_lattice_arrival, layout_basic,
          ebering_ecumenical_altar_abandoned
D:2:      layout_rooms, st_stairs_3, dk_noncrumbling_3
D:3:      layout_basic, patterned_corridor
D:4:      layout_rooms
D:5:      layout_basic, minmay_temple_entry_enclosed_plants
D:6:      layout_gridville, lemuel_doored_altar, lemuel_crystal_altar,
          nicolae_shop_vocational, uniq_eustachio
Temple:   nicolae_temple_bog_church

Skill      XL: |  1  2  3  4  5  6  7 |
---------------+----------------------+-----
Shields        | 4 5 6 |  6.1
Fighting       | 4 5 6 |  6.2
Axes           | 3 4 5 |  5.6
Armour         | 4 5 6 |  6.1
Dodging        | 1 2 3 |  3.3

Action                   |  1- 3 |  4- 6 |  7- 9 || total
-------------------------+-------+-------+-------++-------
Melee: War axe           |    85 |   124 |    60 ||   269
       Headbutt          |    10 |    14 |     7 ||    31
Armor: Scale mail        |    42 |       |       ||    42
       Chain mail        |     3 |    88 |    33 ||   124
Dodge: Dodged            |    55 |    74 |    30 ||   159
Block: Buckler           |    23 |    36 |    22 ||    81

Table legend: (Time is in decaauts)
 A = Elapsed time spent in this place.
 B = Non-inter-level travel time spent in this place.
 C = Inter-level travel time spent in this place.
 D = Time resting spent in this place.
 E = Time spent auto-exploring this place.
 F = Levels seen in this place.
 G = Mean time per level.
                   A        B        C        D        E       F      G
               +--------+--------+--------+--------+--------+-----+--------+
         Total |   4772 |   4501 |    271 |      0 |   3772 |   7 |  681.7 |
       Dungeon |   4759 |   4498 |    261 |      0 |   3772 |   6 |  793.2 |
        Temple |     12 |      2 |     10 |      0 |      0 |   1 |   12.0 |
               +--------+--------+--------+--------+--------+-----+--------+

Top non-repeatable levels by time:
     D:1: 1171 daAuts
     D:5: 1136 daAuts
     D:3: 744 daAuts
     D:2: 737 daAuts
     D:4: 646 daAuts
     D:6: 324 daAuts
  Temple: 12 daAuts
